 Dungeon Crawl Stone Soup version 0.26-a0-478-g6c97825307 (webtiles) character file.

Game seed: 3976653908546369020

336 Gargoyl the Skirmisher (level 6, -1/53 HPs)
             Began as a Gnoll Abyssal Knight on Aug 1, 2020.
             Was a Believer of Lugonu.
             Slain by Menkaure (10 damage)
             ... on level 4 of the Dungeon.
             The game lasted 00:06:39 (3485 turns).

Gargoyl the Skirmisher (Gnoll Abyssal Knight)       Turns: 3485, Time: 00:06:40

Health: -1/53      AC: 14    Str: 16    XL:     6   Next: 54%
Magic:  9/9        EV:  8    Int: 14    God:    Lugonu [**....]
Gold:   235        SH:  0    Dex: 15    Spells: 9/9 levels left

rFire    . . .     SeeInvis .   a - +4 hand axe
rCold    . . .     Faith    .   (no shield)
rNeg     . . .     Spirit   .   t - +0 chain mail
rPois    .         Reflect  .   o - +0 helmet
rElec    .         Harm     .   n - +0 cloak
rCorr    .                      s - +0 pair of gloves
MR       .....                  r - +0 pair of boots
Stlth    ..........             d - amulet of the acrobat
HPRegen  0.17/turn              (no ring)
MPRegen  0.11/turn              k - ring of stealth

@: mighty
A: distributed training, fangs 1, strong nose
a: Depart the Abyss, Bend Space, Renounce Religion


You were on level 4 of the Dungeon.
You worshipped Lugonu.
Lugonu was pleased with you.
You visited 1 branch of the dungeon, and saw 4 of its levels.
You visited the Abyss 1 time.

You collected 235 gold pieces.

Inventory:

Hand Weapons
 a - a +4 hand axe (weapon)
Missiles
 j - 8 javelins (quivered)
Armour
 n - a +0 cloak (worn)
 o - a +0 helmet (worn)
 r - a +0 pair of boots (worn)
 s - a +0 pair of gloves (worn)
 t - a +0 chain mail (worn)
Jewellery
 d - an amulet of the acrobat (around neck)
 k - a ring of stealth (right hand)
Wands
 l - a wand of iceblast (7)
Scrolls
 c - 2 scrolls of identify
 g - 2 scrolls of teleportation
 q - 2 scrolls of remove curse
Potions
 e - 3 potions of might
 f - a potion of magic
 i - a potion of ambrosia
 m - 2 potions of haste
 p - a potion of flight


   Skills:
 + Level 6.8 Fighting
 + Level 2.0 Short Blades
 + Level 2.0 Long Blades
 + Level 5.0 Axes
 + Level 2.0 Maces & Flails
 + Level 2.0 Polearms
 + Level 2.0 Staves
 + Level 2.0 Slings
 + Level 2.0 Bows
 + Level 2.0 Crossbows
 + Level 2.0 Throwing
 + Level 5.0 Armour
 + Level 3.3 Dodging
 + Level 2.0 Stealth
 + Level 2.0 Shields
 + Level 2.0 Unarmed Combat
 + Level 2.0 Spellcasting
 + Level 1.6 Conjurations
 + Level 1.6 Hexes
 + Level 1.6 Summonings
 + Level 1.6 Necromancy
 + Level 1.6 Translocations
 + Level 1.6 Transmutations
 + Level 1.6 Fire Magic
 + Level 1.6 Ice Magic
 + Level 1.6 Air Magic
 + Level 1.6 Earth Magic
 + Level 1.6 Poison Magic
 + Level 5.1 Invocations
 + Level 2.0 Evocations


You had 9 spell levels left.
You didn't know any spells.
Your spell library was empty.

Dungeon Overview and Level Annotations

Branches:
Dungeon (4/15)             Temple (0/1) D:4

Altars:
Cheibriados

Annotations:
D:4 Menkaure


Innate Abilities, Weirdness & Mutations

Your experience applies equally to all skills.
You have very sharp teeth.
Your uncanny sense of smell can sniff out nearby items.


Message History

You hit Menkaure but do no damage.
Menkaure is moderately damaged.
Menkaure hits you but does no damage. Menkaure barely misses you.
You slash Menkaure!
Menkaure is heavily damaged.
Menkaure calls on the powers of darkness!
Your body is wracked with pain!
You feel better.
Menkaure points at you and mumbles some strange words.
Pain shoots through your body!
* * * LOW HITPOINT WARNING * * *
You hit Menkaure.
Menkaure is severely damaged.
Menkaure calls on the powers of darkness!
Your body is wracked with pain!
* * * LOW HITPOINT WARNING * * *
Unknown command.
You feel very mighty all of a sudden. Menkaure barely misses you.
Menkaure hits you!
You die...

#... .# #... . ..
###...##. ##..
.(.....< ... #.#
#.....## #.. .##.#
#.....' #.# ..#.#
#....M####.# #.#.#
#....@..##.###.#
#.#.#
#.#.....'......#
#.#.# #....)##.#####
#.#.#
+.....##.#######.#.#
#.....##...........#
#.....##...........#
∆
####..##...........#
#..##...........#
...##.####'#.#..#


You could see Menkaure (fast).

Vanquished Creatures
  An ogre (D:3)
  2 jellies
  2 worker ants (D:4)
  4 adders
  A shadow imp (D:4)
  4 oozes
  A worm (D:2)
  2 dart slugs (D:2)
  4 leopard geckos
  2 orcs
  2 ball pythons
  7 giant cockroaches
  7 goblins
  7 hobgoblins
  3 jackals (D:1)
  3 quokkas
  4 bats
  11 frilled lizards
  6 kobolds
  12 rats
85 creatures vanquished.

Vanquished Creatures (others)
  A bat (D:2)
1 creature vanquished.

Grand Total: 86 creatures vanquished

Notes
Turn   | Place    | Note
-------+----------+-------------------------------------------
     0 | Abyss:1  | Gargoyl the Gnoll Abyssal Knight began the quest for the
                  | Orb.
     0 | Abyss:1  | Reached XP level 1. HP: 23/23 MP: 3/3
    39 | Abyss:1  | Noticed a thrashing horror
    43 | D:1      | Escaped the Abyss
   180 | D:1      | Reached XP level 2. HP: 17/29 MP: 5/5
   456 | D:1      | Reached * piety under Lugonu
   557 | D:1      | Reached XP level 3. HP: 29/35 MP: 6/6
  1058 | D:2      | Reached skill level 1 in Short Blades
  1058 | D:2      | Reached skill level 1 in Long Blades
  1058 | D:2      | Reached skill level 1 in Maces & Flails
  1058 | D:2      | Reached skill level 1 in Polearms
  1058 | D:2      | Reached skill level 1 in Staves
  1058 | D:2      | Reached skill level 1 in Slings
  1058 | D:2      | Reached skill level 1 in Bows
  1058 | D:2      | Reached skill level 1 in Crossbows
  1058 | D:2      | Reached skill level 1 in Throwing
  1058 | D:2      | Reached skill level 1 in Stealth
  1058 | D:2      | Reached skill level 1 in Shields
  1058 | D:2      | Reached skill level 1 in Unarmed Combat
  1058 | D:2      | Reached skill level 1 in Spellcasting
  1058 | D:2      | Reached skill level 1 in Evocations
  1310 | D:2      | Reached XP level 4. HP: 41/41 MP: 7/7
  1468 | D:2      | You fall into a shaft and drop 1 floor!
  1798 | D:2      | Reached skill level 1 in Conjurations
  1798 | D:2      | Reached skill level 1 in Hexes
  1798 | D:2      | Reached skill level 1 in Summonings
  1798 | D:2      | Reached skill level 1 in Necromancy
  1798 | D:2      | Reached skill level 1 in Translocations
  1798 | D:2      | Reached skill level 1 in Transmutations
  1798 | D:2      | Reached skill level 1 in Fire Magic
  1798 | D:2      | Reached skill level 1 in Ice Magic
  1798 | D:2      | Reached skill level 1 in Air Magic
  1798 | D:2      | Reached skill level 1 in Earth Magic
  1798 | D:2      | Reached skill level 1 in Poison Magic
  1887 | D:2      | Reached ** piety under Lugonu
  2041 | D:2      | Found a snail-covered altar of Cheibriados.
  2684 | D:3      | Noticed an ogre
  2692 | D:3      | Killed an ogre
  2692 | D:3      | Reached XP level 5. HP: 22/47 MP: 8/8
  2944 | D:3      | Reached skill level 5 in Invocations
  2944 | D:3      | Reached XP level 6. HP: 44/53 MP: 9/9
  3287 | D:4      | Reached skill level 5 in Axes
  3287 | D:4      | Reached skill level 5 in Armour
  3321 | D:4      | Found a staircase to the Ecumenical Temple.
  3474 | D:4      | Noticed Menkaure
  3485 | D:4      | Slain by Menkaure

Illustrated notes

Levels and vault maps discovered:
D:1:      dpeg_arrival_orchard, layout_basic, minmay_box_of_dots
D:2:      layout_loops_cross, kennysheep_slug_shrine, minmay_between
D:3:      minmay_razor_zed, layout_loops_ring, chequers_arboretum,
          kennysheep_cross_room
D:4:      corexii_shantytown, layout_basic, gammafunk_ghost_stat_death,
          uniq_menkaure

Skill      XL: |  1  2  3  4  5  6 |
---------------+-------------------+-----
Short Blades   | 1 2 |  2.0
Long Blades    | 1 2 |  2.0
Maces & Flails | 1 2 |  2.0
Polearms       | 1 2 |  2.0
Staves         | 1 2 |  2.0
Slings         | 1 2 |  2.0
Bows           | 1 2 |  2.0
Crossbows      | 1 2 |  2.0
Throwing       | 1 2 |  2.0
Stealth        | 1 2 |  2.0
Shields        | 1 2 |  2.0
Unarmed Combat | 1 2 |  2.0
Spellcasting   | 1 2 |  2.0
Evocations     | 1 2 |  2.0
Conjurations   | 1 |  1.6
Hexes          | 1 |  1.6
Summonings     | 1 |  1.6
Necromancy     | 1 |  1.6
Translocations | 1 |  1.6
Transmutations | 1 |  1.6
Fire Magic     | 1 |  1.6
Ice Magic      | 1 |  1.6
Air Magic      | 1 |  1.6
Earth Magic    | 1 |  1.6
Poison Magic   | 1 |  1.6
Dodging        | 3 |  3.3
Invocations    | 5 |  5.1
Axes           | 5 |  5.0
Armour         | 5 |  5.0
Fighting       | |  6.8

Action                   |  1- 3 |  4- 6 || total
-------------------------+-------+-------++-------
Melee: Hand axe          |   108 |   141 ||   249
       Bite              |     8 |    12 ||    20
Invok: Depart the Abyss  |     1 |       ||     1
  Use: Scroll            |     6 |     7 ||    13
       Potion            |       |     2 ||     2
 Stab: Sleeping          |     2 |    11 ||    13
Armor: Leather armour    |     7 |       ||     7
       Ring mail         |    29 |    41 ||    70
       Chain mail        |       |     7 ||     7
Dodge: Dodged            |    81 |    84 ||   165

Table legend: (Time is in decaauts)
 A = Elapsed time spent in this place.
 B = Non-inter-level travel time spent in this place.
 C = Inter-level travel time spent in this place.
 D = Time resting spent in this place.
 E = Time spent auto-exploring this place.
 F = Levels seen in this place.
 G = Mean time per level.
                   A        B        C        D        E       F      G
               +--------+--------+--------+--------+--------+-----+--------+
         Total |   3505 |   3400 |    105 |    525 |   2136 |   5 |  701.0 |
       Dungeon |   3462 |   3357 |    105 |    525 |   2120 |   4 |  865.5 |
         Abyss |     43 |     43 |      0 |      0 |     16 |   1 |   43.0 |
               +--------+--------+--------+--------+--------+-----+--------+

Top non-repeatable levels by time:
     D:2: 1138 daAuts
     D:3: 1112 daAuts
     D:1: 985 daAuts
     D:4: 225 daAuts
 Abyss:1: 43 daAuts
